 Dungeon Crawl Stone Soup version 0.20-a0-551-gc8f91ca (webtiles) character file.

864 M4edhros the Poker (level 7, -2/52 HPs)
             Began as a Mummy Chaos Knight on Feb 3, 2017.
             Slain by yrara's ghost (22 damage)
             ... on level 5 of the Dungeon.
             The game lasted 00:05:04 (4796 turns).

M4edhros the Poker (Mummy Chaos Knight)             Turns: 4796, Time: 00:05:04

Health: -2/52      AC:  8    Str: 15    XL:     7   Next: 72%
Magic:  7/7        EV: 16    Int: 11    God:    Xom [......]
Gold:   305        SH:  9    Dex: 14    Spells: 6/6 levels left

rFire    x . .     SeeInvis .   o - +4 scimitar "Amafuipp" {chaos, *Drain rPois rC++}
rCold    + + +     Gourm    .   b - +2 leather armour
rNeg     + + +     Faith    .   i - +0 shield
rPois    ∞         Spirit   .   (no helmet)
rElec    .         Reflect  .   (no cloak)
rCorr    .         Harm     +   f - +0 pair of gloves
MR       .....                  d - +1 pair of boots
Stlth    +.........             n - amulet of harm
Regen    0.2/turn               (no ring)
                                p - +5 ring of evasion

@: no status effects
A: no food or potions, fire vulnerability, cold resistance 1, negative energy
resistance 3, torment resistance, unbreathing
a: Renounce Religion


You were on level 5 of the Dungeon.
You worshipped Xom.
You were a very special plaything of Xom.
You were not hungry.

You visited 1 branch of the dungeon, and saw 5 of its levels.

You collected 305 gold pieces.

Inventory:

Hand Weapons
 a - a +0 spear of chaos
 o - the +4 scimitar "Amafuipp" (weapon) {chaos, *Drain rPois rC++}
   (Xom gifted it to you on level 2 of the Dungeon)

   Each time it hits an enemy it has a different, random effect.
   It greatly protects you from cold.
   It protects you from poison.
   It causes draining when unequipped.
Armour
 b - a +2 leather armour (worn)
 d - a +1 pair of boots (worn)
 f - a +0 pair of gloves (worn)
 i - a +0 shield (worn)
Jewellery
 n - an amulet of harm (around neck)
 p - a +5 ring of evasion (left hand)
Scrolls
 c - a scroll of enchant armour
 e - 2 scrolls of fog {unknown}
 g - 2 scrolls of immolation
 h - 3 scrolls of blinking
 k - 4 scrolls of identify
 l - 2 scrolls of remove curse
 m - a scroll of noise {unknown}
 q - a scroll of amnesia
 s - a scroll of random uselessness {unknown}
Books
 r - a book of Necromancy

   Spells                             Type                      Level
   a - Pain                           Necromancy                   1
   b - Animate Skeleton               Necromancy                   1
   c - Vampiric Draining              Necromancy                   3
   d - Regeneration                   Charms/Necromancy            3
   e - Animate Dead                   Necromancy                   4
   f - Control Undead                 Necromancy                   4
Comestibles
 j - 3 bread rations


   Skills:
 - Level 3.0 Fighting
 + Level 5.2 Polearms
 - Level 1.5 Armour
 * Level 3.9 Dodging
 + Level 3.7 Shields


You had 6 spell levels left.
You didn't know any spells.

Dungeon Overview and Level Annotations

Branches:
Dungeon (5/15)
 Temple: D:4-7

Altars:
Xom

Shops:
D:5 !

Annotations:
D:5 yrara's ghost, novice TrFi


Innate Abilities, Weirdness & Mutations

You do not eat or drink.
Your flesh is vulnerable to fire.
You are immune to poison.
Your flesh is cold resistant. (rC+)
You are immune to negative energy. (rN+++)
You are immune to unholy pain and torment.
You can survive without breathing.


Message History

You slash the adder! You freeze the adder.
You kill the adder!
No target in view!
You see here an adder corpse.
No target in view!
Xom giggles.
Wisps of condensation drift from your elbows.
Xom makes a sudden noise!
You hear a grinding noise.
You hear a shout!
Yrara's ghost is nearby!
Yrara's ghost whispers, "Death is liberation."
You block yrara's ghost's attack.
Yrara's ghost is nearby!
You hit yrara's ghost but do no damage.
Yrara's ghost seems to speed up.
Yrara's ghost hits you. Yrara's ghost hits you!
You block yrara's ghost's attack.
Yrara's ghost is nearby!
You barely miss yrara's ghost. Yrara's ghost hits you. Yrara's ghost hits you!!
You die...
Xom chuckles heartily!

#<.# #).# #.. .# #..#
#.. .# #..####.. .#
#........ .#
#...###.. .#####
#...####.####......
#............#
#...#....@.#.#
#.#.#.##W#.#.######
...#.#......#
#.#..#.#......# #
#..#.#..†...########
....>...†...........
##.####.#############
....................
####.#############


You could see yrara's ghost.

Vanquished Creatures
  A swamp drake (D:5)
  An orc warrior (D:5)
  2 scorpions
  4 hounds
  An orc priest (D:4)
  Ijyb (D:2)
  An iguana (D:5)
  2 orc wizards (D:5)
  7 gnolls
  9 adders
  An ooze (D:3)
  An adder zombie (D:3)
  An adder skeleton (D:5)
  3 worms
  4 dart slugs
  A leopard gecko (shapeshifter) (D:1)
  7 leopard geckos
  17 orcs
  5 giant cockroaches
  7 goblins
  5 hobgoblins
  5 jackals
  10 kobolds
  4 quokkas
  9 bats
  12 frilled lizards
  8 rats
129 creatures vanquished.

Vanquished Creatures (collateral kills)
  An orc priest (D:4)
  A gnoll (D:3)
2 creatures vanquished.

Grand Total: 131 creatures vanquished

Notes
Turn   | Place    | Note
-------+----------+-------------------------------------------
     0 | D:1      | M4edhros the Mummy Chaos Knight began the quest for the Orb.
     0 | D:1      | Reached XP level 1. HP: 18/18 MP: 1/1
    68 | D:1      | Noticed an iguana
    68 | D:1      | a river rat changed into an iguana
    69 | D:1      | XOM: smoke on damage
    73 | D:1      | an iguana changed into a leopard gecko
   110 | D:1      | Reached XP level 2. HP: 15/24 MP: 2/2
   116 | D:1      | Reached skill level 3 in Polearms
   232 | D:1      | XOM: harmless Tmut miscast
   512 | D:1      | XOM: cloud trail
   838 | D:1      | XOM: god gift: bread ration
   840 | D:1      | XOM: divination: magic mapping
  1176 | D:2      | Reached XP level 3. HP: 17/29 MP: 3/3
  1308 | D:2      | XOM: god gift: 46 gold pieces
  1419 | D:2      | XOM: 1-stop teleportation journey
  1420 | D:2      | Noticed Ijyb
  1421 | D:2      | Reached skill level 1 in Shields
  1440 | D:2      | Killed Ijyb
  1440 | D:2      | Reached XP level 4. HP: 5/35 MP: 4/4
  1629 | D:2      | XOM: scenery: create altars
  1655 | D:2      | XOM: harmless Tmut miscast
  1714 | D:2      | XOM: god gift: bone scimitar {god gift}
  1715 | D:2      | Got a bone scimitar {god gift}
  1716 | D:2      | Identified the +4 scimitar "Amafuipp" {chaos, *Drain rPois rC++} (Xom gifted it to you on level 2 of the Dungeon)
  2113 | D:3      | Reached skill level 4 in Polearms
  2211 | D:3      | XOM: harmless Ice miscast
  2266 | D:3      | XOM: scenery: create altars
  2271 | D:3      | Reached XP level 5. HP: 38/41 MP: 5/5
  2428 | D:3      | Found a shimmering altar of Xom.
  2434 | D:3      | XOM: summons friendly white imp
  2694 | D:3      | XOM: god gift: scroll labeled ZUSTOU JOROST {god gift}
  2751 | D:3      | XOM: noise
  2831 | D:3      | Reached skill level 1 in Dodging
  2923 | D:5      | Entered Level 5 of the Dungeon
  2982 | D:5      | XOM: divination: detect creatures
  2985 | D:5      | Reached XP level 6. HP: 12/47 MP: 6/6
  3260 | D:4      | XOM: 2-stop teleportation journey
  3290 | D:4      | XOM is BORED!
  3290 | D:4      | XOM: swap monsters
  3571 | D:4      | XOM: 1-stop teleportation journey
  3618 | D:4      | XOM: smoke on damage
  3649 | D:4      | XOM: harmless Necr miscast
  3984 | D:4      | XOM: blink monster(s)
  4274 | D:5      | Found Uxody's Distillery.
  4281 | D:5      | Noticed a swamp drake
  4281 | D:5      | a centaur changed into a swamp drake
  4293 | D:5      | Killed a swamp drake
  4293 | D:5      | Reached XP level 7. HP: 18/52 MP: 7/7
  4376 | D:5      | XOM: harmless Summ miscast
  4564 | D:5      | Reached skill level 5 in Polearms
  4611 | D:5      | XOM: cloud trail
  4683 | D:5      | XOM: 8-stop teleportation journey
  4713 | D:5      | XOM: harmless Tloc miscast
  4779 | D:5      | Noticed yrara's ghost (novice TrFi)
  4792 | D:5      | XOM: harmless Ice miscast
  4793 | D:5      | XOM: noise
  4796 | D:5      | Slain by yrara's ghost

Vault maps used:
D:1:      dpeg_arrival_another_circle, minivault_5
D:2:      uniq_iyjb
D:3:      kb_forest_paths, brannock_xom_greatest_gift
D:4:      serial_corexii_hall, corexii_hall_statues_t, corexii_hall_statues_i,
          first_bread
D:5:      serial_shops, shop, minmay_misc_feat_columns, saegor_snake_ambush

Skill      XL: |  1  2  3  4  5  6  7 |
---------------+----------------------+-----
Polearms       | 3 4 5 |  5.2
Shields        | 1 2 3 |  3.7
Dodging        | 1 3 |  3.9
Fighting       | |  3.0
Armour         | |  1.5

Action                   |  1- 3 |  4- 6 |  7- 9 || total
-------------------------+-------+-------+-------++-------
Melee: Spear             |   202 |     2 |       ||   204
       Scimitar          |       |   169 |    33 ||   202
  Use: Scroll            |       |     8 |       ||     8
 Stab: Sleeping          |     1 |       |       ||     1
       Paralysed         |     1 |       |       ||     1
       Distracted        |       |     1 |       ||     1
Armor: Leather armour    |    63 |    59 |    12 ||   134
Dodge: Dodged            |    97 |    76 |    18 ||   191
Block: Shield            |    32 |    89 |    15 ||   136
       Rpst.: Scimitar   |       |    17 |     9 ||    26
